Map: Golden Wall LE

Players

Astrea

  • Race: Protoss Protoss
  • League: Grandmaster
  • Spawn Location: 7:00

SpeCial - Winner!

  • Race: Terran Terran
  • League: Master
  • Spawn Location: 5:00

VOD

Have the link to the VOD?

Description

Time

  • Played on: July 17, 2020, 12:11 p.m.
  • Length: 7:39
Show
View Real Time Build Order
Export as new Build Order

Astrea Protoss 

Build Orders: 1 Gate Expand, Blink Stalkers 

Get SALT Encoding   

  12  0:00  Probe  
  13  0:13  Probe  
  14  0:18  Pylon  
  14  0:24  Probe  
  15  0:32  Probe  
  15  0:38  Gateway  
  15  0:40  Probe  
  16  0:47  Assimilator  
  17  0:51  Probe  
  18  1:04  Probe  
  19  1:16  Probe  
  20  1:25  Cybernetics Core  
  20  1:35  Nexus  
  20  1:38  Probe  
  21  1:45  Pylon  
  21  1:50  Probe  
  21  1:54  Adept, Assimilator  
  22  2:03  Probe  
  22  2:05  Warp Gate  
  25  2:14  Shield Battery  
  25  2:17  Probe  
  26  2:29  Probe  
  25  2:33  Stalker  
  26  2:41  Probe  
  27  2:53  Probe  
  27  2:54  Probe  
  28  3:03  Probe  
  28  3:05  Twilight Council, Probe  
  29  3:12  Probe  
  32  3:13  Sentry  
  32  3:17  Probe, Blink  
  34  3:20  Probe, Shield Battery  
  35  3:28  Probe  
  35  3:29  Probe  
  35  3:32  Gateway  
  37  3:38  Probe  
  38  3:42  Probe  
  39  3:50  Probe  
  39  3:54  Probe, Stalker  
  41  4:04  Probe  
  41  4:06  Probe  
  43  4:12  Robotics Facility  
  43  4:15  Gateway  
  44  4:18  Pylon  
  45  4:26  Stalker  
  45  4:29  Shield Battery  
  45  4:30  Shield Battery  
  45  4:36  Stalker  
  47  4:51  Stalker  
  49  4:55  Gateway  
  49  4:57  Pylon  
  49  4:58  Pylon  
  49  5:02  Stalker  
  49  5:05  Immortal  
  53  5:12  Stalker  
  53  5:16  Zealot  
  55  5:23  Cybernetics Core  
  55  5:29  Zealot  
  57  5:47  Zealot  
  57  5:53  Immortal  
  57  5:54  Zealot x2  
  49  5:59  Probe  
  35  6:08  Stalker  
  36  6:18  Stalker x2  
  36  6:24  Immortal  
  43  6:35  Stalker  
  43  6:41  Stalker  
  43  6:42  Zealot  
  43  7:08  Pylon  
  43  7:21  Stalker  
  43  7:22  Stalker x2  
Show
View Real Time Build Order
Export as new Build Order

SpeCial Terran - Winner!

Build Orders: Liberator Opening 

Get SALT Encoding   

  12  0:00  SCV  
  13  0:12  SCV  
  14  0:18  Supply Depot  
  14  0:24  SCV  
  15  0:43  Barracks  
  15  0:44  Refinery  
  15  0:46  SCV  
  16  0:59  Barracks  
  16  1:03  SCV  
  17  1:13  Supply Depot  
  17  1:18  SCV  
  18  1:30  Refinery  
  18  1:31  Reaper  
  19  1:48  Orbital Command  
  19  1:50  Marine  
  20  2:03  Factory  
  20  2:11  Barracks Reactor  
  20  2:16  SCV  
  21  2:28  SCV  
  22  2:40  SCV  
  23  2:49  Supply Depot, Factory Tech Lab  
  23  2:51  Starport, Marine  
  23  2:52  SCV, Marine  
  26  3:04  SCV, Marine  
  28  3:09  Siege Tank  
  30  3:15  Marine x2  
  32  3:23  Marine  
  33  3:28  Medivac  
  33  3:33  Marine x2  
  37  3:45  Supply Depot  
  37  3:51  Siege Tank  
  39  4:06  Marine x3, Liberator  
  39  4:09  SCV, Supply Depot  
  46  4:24  Marine  
  46  4:30  Marine x2, Siege Tank  
  52  4:43  Marine  
  51  4:46  SCV  
  51  4:48  Marine  
  51  4:51  Marine  
  53  5:08  Supply Depot  
  53  5:14  Marine x2  
  55  5:29  Marine, Liberator  
  55  5:30  Siege Tank  
  61  5:38  Marine  
  61  5:40  Marine  
  61  5:41  SCV  
  61  5:47  Marine  
  61  5:53  SCV  
  61  5:56  Marine  
  60  5:58  Marine  
  53  6:05  Marine  
  54  6:14  Marine  
  54  6:15  Siege Tank  
  54  6:16  Marine  
  59  6:23  Marine  
  59  6:26  SCV  
  59  6:32  Medivac, Marine  
  61  6:33  Marine  
  62  6:41  Marine  
  62  6:50  Marine  
  63  6:56  Marine  
  63  6:57  Supply Depot  
  63  6:58  Marine  
  63  7:01  Bunker  
  63  7:07  Marine  
  63  7:11  Engineering Bay  
  63  7:13  Marine  
  62  7:16  Marine  
Tags
 
Add a new tag
Caveats
  • Supply blocks, unpowered buildings, or Contaminate may cause inaccurate times.
  • Supply counts are checked every 10 seconds.